 Dungeon Crawl Stone Soup version 0.24.0-37-gcf1ca852f1 (webtiles) character file.

Game seed: 6347519335602251966, levelgen mode: deterministic

980514 CrPA the Invulnerable (level 27, -1/273 HPs)
             Began as a Minotaur Fighter on Nov 30, 2019.
             Was the Champion of the Shining One.
             Killed from afar by an electric golem (36 damage)
             ... with a bolt of lightning
             ... on level 5 of the Realm of Zot.
             The game lasted 03:20:15 (93857 turns).

CrPA the Invulnerable (Minotaur Fighter)           Turns: 93857, Time: 03:20:16

Health: -1/273     AC: 39    Str: 38    XL:     27
Magic:  31/31      EV: 23    Int:  7    God:    the Shining One [******]
Gold:   12597      SH: 31    Dex: 16    Spells: 26/26 levels left

rFire    + . .     SeeInvis +   a - +9 broad axe (holy)
rCold    + + +     Gourm    .   b - +0 large shield
rNeg     + + +     Faith    .   e - +9 crystal plate armour
rPois    .         Spirit   .   x - +2 hat {Int+3}
rElec    .         Reflect  +   o - scarf {rC+ rF+}
rCorr    +         Harm     .   U - +0 pair of gloves
MR       ++++.                  I - +0 pair of boots "Podinlog" {*Contam rC+ rCorr SInv}
Stlth    ..........             X - +2 amulet of reflection
HPRegen  0.55/turn              F - ring "Kotetuos" {rC+ Str+4 Dex+2 Slay+2 SInv}
MPRegen  0.22/turn              H - ring of the Mage {Wiz MR++ Int+3}

@: glowing
A: retaliatory headbutt, horns 2, agile 1, blurry vision 2, deformed body, dopey
2, low mp 2, screaming 1, strong 1, wild magic 1, no potion heal 1
}: 7/15 runes: barnacled, slimy, silver, iron, icy, bone, gossamer
a: Divine Shield, Cleansing Flame, Summon Divine Warrior, Renounce Religion


You were on level 5 of the Realm of Zot.
You worshipped the Shining One.
The Shining One was exalted by your worship.
You were not hungry.

You visited 16 branches of the dungeon, and saw 81 of its levels.
You visited the Abyss 1 time.
You also visited: Bailey and Ice Cave.

You collected 13099 gold pieces.
You spent 502 gold pieces at shops.

Inventory:

Hand Weapons
 a - a +9 broad axe of holy wrath (weapon)
 v - the +6 hand crossbow "Waymuj Ytewe" {penet, *Drain rPois SInv}
   (You found it on level 13 of the Dungeon)

   Ammo fired by it will pass through the targets it hits, potentially hitting
   all targets in its path until it reaches maximum range.
   It protects you from poison.
   It lets you see invisible.
   It causes draining when unequipped.
Missiles
 r - 2 throwing nets (quivered)
 y - 1395 bolts
Armour
 b - a +0 large shield (worn)
 e - a +9 crystal plate armour (worn)
 o - a scarf of resistance (worn)
 x - a +2 hat of intelligence (worn)
 I - the +0 pair of boots "Podinlog" (worn) {*Contam rC+ rCorr SInv}
   (You found it on level 3 of the Depths)

   It protects you from cold.
   It lets you see invisible.
   It causes magical contamination when unequipped.
   It provides partial protection from all sources of acid and corrosion.
 T - the +18 shield of the Gong {rElec rN+ MR+ EV-5}
   (You found it on level 5 of the Vaults)

   It affects your evasion (-5).
   It insulates you from electricity.
   It protects you from negative energy.
   It affects your resistance to hostile enchantments.
 U - a +0 pair of gloves (worn)
Jewellery
 j - an uncursed ring of protection from fire
 s - the ring of Shadows {Umbra +Inv Stlth+}
   (You found it on level 4 of the Dungeon)

   [ring of stealth]

   It lets you turn invisible.
   It makes you more stealthy.
 A - the ring "Peqidyq" {Ice rN+++ Str+5 Int-2 Dex-2, unknown}
   (You found it on level 3 of the Realm of Zot)

   [ring of ice]

   It enhances your ice magic.
   It affects your strength (+5).
   It affects your intelligence (-2).
   It affects your dexterity (-2).
   It makes you vulnerable to fire.
   It protects you from cold.
   It renders you almost immune to negative energy.
 F - the ring "Kotetuos" (left hand) {rC+ Str+4 Dex+2 Slay+2 SInv}
   (You took it off a deep elf blademaster on level 3 of the Elven Halls)

   [ring of protection from cold]

   It affects your strength (+4).
   It affects your dexterity (+2).
   It affects your accuracy and damage with ranged weapons and melee attacks
   (+2).
   It protects you from cold.
   It lets you see invisible.
 H - the ring of the Mage (right hand) {Wiz MR++ Int+3}
   (You found it on level 15 of the Dungeon)

   [ring of wizardry]

   It improves your spell success rate.
   It affects your intelligence (+3).
   It affects your resistance to hostile enchantments.
 X - a +2 amulet of reflection (around neck)
 Y - an uncursed ring of magical power
 Z - the ring "Miajebod" {MR+ Str+5}
   (You found it on level 3 of the Vaults)

   [ring of protection from magic]

   It affects your strength (+5).
   It affects your resistance to hostile enchantments.
Wands
 d - a wand of acid (30)
 q - a wand of flame (132)
 K - a wand of disintegration (64)
 L - a wand of iceblast (67)
 M - a wand of enslavement (21)
 V - a wand of digging (33)
Scrolls
 c - 9 scrolls of vulnerability
 h - 26 scrolls of teleportation
 i - 5 scrolls of magic mapping
 n - 12 scrolls of blinking
 t - 34 scrolls of remove curse
 u - 6 scrolls of fear
 z - 15 scrolls of identify
 C - 6 scrolls of immolation
 E - 16 scrolls of fog
 P - 6 scrolls of silence
 Q - 2 scrolls of amnesia
Potions
 g - 2 potions of brilliance
 l - 17 potions of curing
 m - 3 potions of invisibility
 p - 10 potions of haste
 w - 15 potions of lignification
 B - 3 potions of cancellation
 D - 8 potions of mutation
 J - 11 potions of agility
 N - 5 potions of flight
 O - a potion of resistance
 R - 2 potions of might
 S - 2 potions of ambrosia
Miscellaneous
 k - 4 phantom mirrors
 G - a lightning rod (4/4)
 W - a lamp of fire
Comestibles
 f - 54 rations


   Skills:
 O Level 27 Fighting
 - Level 18.0 Axes
 - Level 10.0 Crossbows
 O Level 27 Armour
 + Level 23.4 Dodging
 - Level 25.0 Shields
 O Level 27 Invocations
 + Level 20.1 Evocations


You had 26 spell levels left.
You didn't know any spells.
Your spell library contained the following spells:

 Spells                   Type           Power        Failure   Level  Hunger
 Apportation              Tloc           #.....       61%         1    ##.....
 Beastly Appendage        Tmut           #.....       61%         1    ##.....
 Confusing Touch          Hex            #.....       61%         1    ##.....
 Corona                   Hex            #......      61%         1    ##.....
 Flame Tongue             Conj/Fire      #....        61%         1    ##.....
 Freeze                   Ice            #...         61%         1    ##.....
 Infusion                 Chrm           #...         61%         1    ##.....
 Magic Dart               Conj           #...         61%         1    ##.....
 Sandblast                Erth           #.....       61%         1    ##.....
 Shock                    Conj/Air       #...         61%         1    ##.....
 Sting                    Conj/Pois      #...         61%         1    ##.....
 Summon Butterflies       Summ           #.......     61%         1    ##.....
 Summon Small Mammal      Summ           #...         61%         1    ##.....
 Blink                    Tloc           N/A          75%         2    ###....
 Call Imp                 Summ           #.......     75%         2    ###....
 Corpse Rot               Necr           N/A          75%         2    ###....
 Ensorcelled Hibernation  Hex/Ice        #.....       75%         2    ###....
 Passwall                 Tmut/Erth      #.......     75%         2    ###....
 Poisonous Vapours        Pois/Air       #.....       75%         2    ###....
 Shroud of Golubria       Chrm/Tloc      #.....       75%         2    ###....
 Slow                     Hex            #.......     75%         2    ###....
 Song of Slaying          Chrm           #.......     75%         2    ###....
 Sticks to Snakes         Tmut           #.......     75%         2    ###....
 Sublimation of Blood     Necr           #.........   75%         2    ###....
 Swiftness                Chrm/Air       #.......     75%         2    ###....
 Throw Frost              Conj/Ice       #.....       75%         2    ###....
 Call Canine Familiar     Summ           #.......     91%         3    ####...
 Confuse                  Hex            #.......     91%         3    ####...
 Conjure Flame            Conj/Fire      #.......     91%         3    ####...
 Dazzling Spray           Conj/Hex       #.....       91%         3    ####...
 Gell's Gravitas          Tloc           #.........   91%         3    ####...
 Lesser Beckoning         Tloc           #.........   91%         3    ####...
 Mephitic Cloud           Conj/Pois/Air  #.......     91%         3    ####...
 Ozocubu's Armour         Chrm/Ice       #.......     91%         3    ####...
 Recall                   Summ/Tloc      N/A          91%         3    ####...
 Regeneration             Chrm/Necr      #.........   91%         3    ####...
 Spectral Weapon          Hex/Chrm       #.......     91%         3    ####...
 Spider Form              Tmut/Pois      #.........   91%         3    ####...
 Stone Arrow              Conj/Erth      #.....       91%         3    ####...
 Summon Guardian Golem    Hex/Summ       #.......     91%         3    ####...
 Teleport Other           Tloc           #.......     91%         3    ####...
 Tukima's Dance           Hex            #.......     91%         3    ####...
 Cause Fear               Hex            #.........   99%         4    #####..
 Ice Form                 Ice/Tmut       #.......     99%         4    #####..
 Iskenderun's Mystic Bla  Conj           #.......     99%         4    #####..
 Leda's Liquefaction      Hex/Erth       #.........   99%         4    #####..
 Passage of Golubria      Tloc           N/A          99%         4    #####..
 Petrify                  Tmut/Erth      #.......     99%         4    #####..
 Sticky Flame             Conj/Fire      #.......     99%         4    #####..
 Summon Ice Beast         Ice/Summ       #.......     99%         4    #####..
 Summon Lightning Spire   Summ/Air       #.......     99%         4    #####..
 Throw Icicle             Conj/Ice       #.......     99%         4    #####..
 Agony                    Necr           #.......     100%        5    ######.
 Aura of Abjuration       Summ           #.........   100%        5    ######.
 Blade Hands              Tmut           #.........   100%        5    ######.
 Bolt of Draining         Conj/Necr      #.........   100%        5    ######.
 Bolt of Magma            Conj/Fire/Erth #.........   100%        5    ######.
 Borgnjor's Vile Clutch   Necr/Erth      #.........   100%        5    ######.
 Dispel Undead            Necr           #.......     100%        5    ######.
 Excruciating Wounds      Chrm/Necr      #.........   100%        5    ######.
 Fireball                 Conj/Fire      #.........   100%        5    ######.
 Irradiate                Conj/Tmut      #.........   100%        5    ######.
 Lee's Rapid Deconstruct  Erth           #.........   100%        5    ######.
 Metabolic Englaciation   Hex/Ice        #.........   100%        5    ######.
 Silence                  Hex/Air        #.........   100%        5    ######.
 Summon Demon             Summ           #.........   100%        5    ######.
 Summon Forest            Summ/Tloc      #.........   100%        5    ######.
 Summon Mana Viper        Hex/Summ       #.......     100%        5    ######.
 Yara's Violent Unravell  Hex/Tmut       #.........   100%        5    ######.
 Bolt of Cold             Conj/Ice       #.........   100%        6    #######
 Conjure Ball Lightning   Conj/Air       #.........   100%        6    #######
 Darkness                 Hex            #.........   100%        6    #######
 Deflect Missiles         Chrm/Air       #.........   100%        6    #######
 Dispersal                Tloc           #.........   100%        6    #######
 Freezing Cloud           Conj/Ice/Air   #.........   100%        6    #######
 Hydra Form               Tmut           #.........   100%        6    #######
 Invisibility             Hex            #.......     100%        6    #######
 Iron Shot                Conj/Erth      #.........   100%        6    #######
 Ozocubu's Refrigeration  Ice            #.........   100%        6    #######
 Shadow Creatures         Summ           N/A          100%        6    #######
 Simulacrum               Ice/Necr       #.........   100%        6    #######
 Statue Form              Tmut/Erth      #........    100%        6    #######
 Dragon Form              Tmut           #.........   100%        7    #######
 Haunt                    Necr/Summ      #.........   100%        7    #######
 Ring of Flames           Chrm/Fire      #.........   100%        7    #######
 Summon Hydra             Summ           #.........   100%        7    #######
 Borgnjor's Revivificati  Necr           #.........   100%        8    #######
 Controlled Blink         Tloc           N/A          100%        8    #######
 Death's Door             Chrm/Necr      #.........   100%        8    #######
 Discord                  Hex            #.........   100%        8    #######
 Disjunction              Tloc           #.........   100%        8    #######
 Infestation              Necr           #.........   100%        8    #######
 Necromutation            Tmut/Necr      #.........   100%        8    #######
 Dragon's Call            Summ           #.........   100%        9    #######
 Shatter                  Erth           #.........   100%        9    #######


Dungeon Overview and Level Annotations

Branches:
Dungeon (15/15)            Temple (0/1) D:7            Lair (6/6) D:9
 Shoals (4/4) Lair:3       Spider (4/4) Lair:3        Slime (5/5) Lair:5
    Orc (2/2) D:11            Elf (3/3) Orc:2        Vaults (5/5) D:13
  Crypt (3/3) Vaults:3       Tomb (2/3) Crypt:3      Depths (5/5) D:15
   Hell (visited)             Dis (7/7) Hell            Geh (0/7) Hell
    Coc (7/7) Hell            Tar (7/7) Hell            Zot (5/5) Depths:5
 Bailey (visited)           IceCv (visited)

Altars:
Ashenzari
Cheibriados
Fedhas
Gozag
Nemelex Xobeh
Trog
Uskayaw
Vehumet
Yredelemnul
The Shining One
Beogh
Jiyva

Shops:
D:11 [(   D:12 ?   Orc:2 **=(   Elf:1 [   Elf:3 ?   Shoals:4 (*?[%   Vaults:1 *
Vaults:2 (   Depths:3 %

Portals:
Hell: Depths:1 Depths:2 Depths:3 Depths:4 Depths:5
Abyss: Depths:3 Depths:4
Pandemonium: Depths:3 Depths:4
Ziggurat: Depths:4

Annotations:
D:5 exclusion: downstairs
D:7 1 runed translucent door, grindst0ne's ghost, novice NaMo
D:10 1 runed translucent door
Lair:5 1 runed translucent door, exclusion: downstairs, kaycho's ghost, journeyman MfFi
Lair:6 3 runed translucent doors, theswoord's ghost, journeyman DsMo
Slime:4 exclusion: downstairs


Innate Abilities, Weirdness & Mutations

You reflexively headbutt those who attack you in melee.
You have a pair of horns on your head.
You are agile. (Dex +2)
Scrolls take you longer to read.
Armour fits poorly on your strangely shaped body.
You are very dopey. (Int -4)
Your magical capacity is very low. (-20% MP)
You occasionally shout uncontrollably at your foes.
Your muscles are strong. (Str +2)
Your spells are a little harder to cast, but a little more powerful.
Potions are less effective at restoring your health.


Message History

A black draconian scorcher comes into view.
It is wielding a +0 long sword.
The orb of fire glows bright magenta.
The bolt of fire hits the orb of fire.
The orb of fire completely resists.
The bolt of fire misses you.
The orb of fire glows yellow.
The bolt of fire hits you!!! You resist.
* * * LOW HITPOINT WARNING * * *
A purple draconian knight comes into view.
It is wielding a +1 great sword of protection.
The sentinel's mark upon you fades away.
The black draconian scorcher casts a spell at you.
The fireball explodes!
The fireball engulfs you!! You resist.
* * * LOW HITPOINT WARNING * * *
The fireball engulfs the orb of fire.
The orb of fire completely resists.
The electric golem blinks!
A purple draconian annihilator comes into view.
It is wielding a +0 rapier.
The purple draconian annihilator roars!
The Killer Klown blinks!
The electric golem hurls lightning at you.
The bolt of lightning hits you!!!
You die...

.....##....##
......###...###########..
.......###§........q...q.
.......# ##.p....=......#
...p...# #..X....q....^#
.......# ##.*XX.......#
.......# #....*......#
.......# ##...**......##
.....^## #.....@......^#
.....## ##.8...........#
#...............
########'########▓▓▓▓###
#..........# #....#..
#.....^....# #.......
#..........# #.....^.
#..........# #.......
#..........# ###.....


You could see 4 orbs of fire, a Killer Klown, an electric golem, a purple
draconian knight, 3 Orb Guardians, a purple draconian annihilator and a black
draconian scorcher.

Vanquished Creatures
  Antaeus (Coc:7)
  the Royal Jelly (Slime:5)
  Ereshkigal (Tar:7)
  Dispater (Dis:7)
  Mara (Depths:2)
  4 ancient liches
  A juggernaut (Depths:4)
  5 greater mummies (Tomb:1)
  3 shard shrikes
  Saint Roka (Vaults:4)
  3 curse toes
  Geryon (Hell)
  Jory (Depths:4)
  9 golden dragons
  30 bone dragons
  2 profane servitors (Abyss:3)
  17 liches
  16 doom hounds
  3 Brimstone Fiends (Dis:7)
  11 iron giants
  23 Tzitzimimeh
  20 Ice Fiends
  7 tentacled monstrosities
  7 Hell Sentinels
  10 Orb Guardians (Zot:5)
  A titan (Vaults:5)
  10 quicksilver dragons
  Murray (Hell)
  22 acid blobs
  A deep elf master archer (Elf:3)
  16 tentacled starspawn
  5 death cobs
  5 sphinxes
  21 ancient champions
  An eldritch tentacle (Tar:2)
  19 shadow dragons
  Donald (Spider:3)
  14 azure jellies
  6 tengu reavers
  4 revenants
  7 storm dragons
  A draconian monk (Zot:4)
  The ghost of Matador8 the Spear-Bearer, an adept DsWr of Yredelemnul (Vaults:1)
  3 deep elf sorcerers
  2 daevas (Abyss:3)
  A ghost moth (Zot:4)
  5 vault wardens
  5 fire giants
  2 draconian knights
  A caustic shrike zombie (Crypt:2)
  4 balrugs
  5 cacodemons
  3 draconian shifters (Zot:4)
  An emperor scorpion (Spider:4)
  3 draconian scorchers
  2 angels (Abyss:3)
  9 frost giants
  9 iron dragons (Dis:7)
  2 curse skulls (Crypt:2)
  3 draconian stormcallers
  6 ghouls
  26 war gargoyles
  2 draconian annihilators
  58 reapers
  A juggernaut skeleton (Crypt:2)
  3 elemental wellsprings
  6 ironheart preservers
  6 bennus
  18 vampire knights
  15 very ugly things
  12 stone giants
  11 deep elf demonologists
  An entropy weaver (Spider:4)
  7 purple draconians
  3 lorocyprocas
  A spark wasp (Depths:3)
  3 yellow draconians
  8 green draconians
  5 black draconians
  5 red draconians
  6 deep elf annihilators
  3 white draconians
  An eidolon (Crypt:2)
  24 blizzard demons
  3 crystal guardians (Crypt:3)
  8 ettins
  8 quicksilver dragon zombies
  3 green deaths
  13 mummy priests
  6 fire dragons
  4 deep elf death magi
  6 death oozes (Slime:5)
  3 deep elf high priests (Elf:3)
  7 great orbs of eyes
  2 rakshasas
  2 quicksilver dragon skeletons
  A kraken zombie (Coc:6)
  7 hydras
  9 jiangshi
  3 hell beasts
  3 yaktaur captains
  15 vault guards
  A peacekeeper (Elf:1)
  A spriggan air mage (Depths:1)
  3 ghost crabs
  23 ice dragons
  A catoblepas (D:13)
  A juggernaut simulacrum (Depths:1)
  4 death yaks
  5 centaur warriors
  9 dancing weapons
  A satyr (Shoals:2)
  A satyr (shapeshifter) (Depths:4)
  33 death scarabs
  6 ogre magi
  4 deep troll earth magi
  25 two-headed ogres
  13 deep troll shamans
  A tengu warrior (D:13)
  3 death knights
  4 hell hogs
  14 thrashing horrors
  A spriggan berserker (Depths:2)
  10 soul eaters
  5 vampire magi
  12 titan zombies
  5 iron golems
  5 sun demons
  10 storm dragon zombies
  14 deep elf knights
  5 titan skeletons
  16 wretched stars
  11 iron trolls
  5 golden dragon zombies
  5 storm dragon skeletons
  3 spatial maelstroms
  154 skeletal warriors
  16 deep trolls
  6 unseen horrors
  18 flayed ghosts
  22 hell knights
  A deep troll (shapeshifter) (Abyss:1)
  6 sixfirhies
  5 shadow dragon zombies
  5 glowing orange brains
  2 wizards
  7 anaconda zombies
  A sea snake (Shoals:4)
  17 shadow demons
  A kraken simulacrum (Shoals:4)
  70 starcursed masses
  4 wolf spider zombies
  6 deep elf archers
  9 ironbrand convokers
  A lindwurm (Lair:4)
  4 anaconda skeletons
  12 necromancers
  25 phantasmal warriors
  14 wolf spiders
  9 harpies
  5 orc knights
  3 shining eyes
  5 golden dragon skeletons
  11 stone giant zombies
  2 orb spiders
  33 deep elf magi
  A salamander (shapeshifter) (Vaults:3)
  8 iron dragon zombies
  10 frost giant zombies
  2 manticores (shapeshifter)
  An orc sorcerer (Elf:3)
  7 cyclopes
  6 ugly things
  A manticore (Shoals:4)
  9 iron dragon skeletons
  5 merfolk sirens
  9 fire giant zombies
  4 fauns
  3 shadow dragon skeletons
  2 eyes of devastation (Slime:5)
  A salamander (Abyss:3)
  5 frost giant skeletons
  2 centaur zombies
  2 draconians (Abyss:3)
  6 fire giant skeletons
  46 rust devils
  6 stone giant skeletons
  A black mamba (Lair:5)
  A guardian serpent (Abyss:3)
  10 apocalypse crabs
  12 moths of wrath
  3 shock serpent zombies
  4 ice statues
  7 dire elephant zombies
  A torpor snail (Spider:4)
  17 smoke demons
  2 water nymphs (Shoals:4)
  9 orange demons
  7 vault sentinels
  A naga mage (Abyss:3)
  A gargoyle (D:11)
  3 emperor scorpion zombies
  18 hellions
  9 spiny frogs
  A yellow draconian zombie (Dis:1)
  A shock serpent skeleton (Coc:3)
  A red draconian zombie (Dis:1)
  4 dire elephant skeletons
  2 rime drakes
  A komodo dragon (shapeshifter) (D:14)
  A yaktaur (shapeshifter) (Abyss:3)
  2 catoblepas zombies
  A storm dragon simulacrum (Coc:4)
  3 anaconda simulacra
  A purple draconian zombie (Coc:2)
  15 demonic crawlers
  57 freezing wraiths
  A grey draconian skeleton (Crypt:1)
  2 kobold demonologists (Abyss:3)
  42 tormentors
  9 hellwings
  14 yaktaurs
  A catoblepas skeleton (Tar:6)
  6 efreet
  A purple draconian skeleton (Zot:3)
  46 ice devils
  5 komodo dragons
  2 minotaur skeletons (Zot:3)
  7 ancient zymes (Abyss:3)
  A queen bee (D:11)
  6 trolls
  8 red devils
  3 silent spectres
  18 guardian mummies
  A meliai (shapeshifter) (Vaults:5)
  15 hydra zombies
  20 jumping spiders
  A polar bear (shapeshifter) (Abyss:3)
  7 merfolk
  3 harpy zombies
  A harpy skeleton (Tar:5)
  A saltling (Elf:1)
  7 hornets
  A shadow dragon simulacrum (Coc:7)
  11 hydra skeletons
  108 slime creatures
  A slime creature (shapeshifter) (Depths:4)
  7 bog bodies (Coc:7)
  17 raiju
  8 blink frogs
  9 ettin zombies
  A snapping turtle (shapeshifter) (Depths:4)
  Grinder (D:6)
  10 polar bears
  5 fire dragon zombies
  2 human simulacra
  10 alligator zombies
  10 hippogriffs
  6 ice dragon zombies
  An iron dragon simulacrum (Abyss:3)
  2 frost giant simulacra
  A stone giant simulacrum (Vaults:1)
  2 black mamba zombies
  7 vampires
  110 flying skulls
  38 large abominations
  3 alligator skeletons
  7 fire dragon skeletons
  An air elemental (Elf:3)
  2 wyverns
  2 ice dragon skeletons
  2 snapping turtles
  29 shadows
  20 tarantellas
  9 ettin skeletons
  38 redbacks
  48 yaks
  9 water elementals
  28 wraiths
  11 ynoxinuls
  6 ushabtiu (Tomb:2)
  4 fire bats
  8 fire elementals
  A basilisk (Lair:4)
  3 hungry ghosts
  A hog (shapeshifter) (Elf:2)
  11 neqoxecs
  9 golden eyes
  12 chaos spawn
  2 vampire mosquitoes (D:12)
  2 human zombies
  A harpy simulacrum (Coc:1)
  2 soldier ants (D:12)
  3 wargs
  4 nagas
  4 spatial vortices
  11 spiny frog zombies
  An acid dragon (Vaults:1)
  64 hell hounds
  5 water moccasins
  4 hydra simulacra
  3 porcupines
  A floating eye (Slime:5)
  2 merfolk zombies
  30 small abominations
  A floating eye (shapeshifter) (Depths:4)
  17 ice beasts
  19 orc warriors
  An infernal demonspawn skeleton (Tar:7)
  3 sky beasts
  5 eyes of draining
  A hornet zombie (D:10)
  4 manticore zombies
  A slave (D:9)
  8 snapping turtle zombies
  5 spiny frog skeletons
  2 swamp dragon zombies
  An alligator simulacrum (Coc:2)
  31 ogres
  4 phantoms
  2 swamp dragon skeletons
  19 necrophages
  2 boggarts
  15 wolves
  An ice dragon simulacrum (Coc:7)
  4 human skeletons
  17 centaurs
  A snapping turtle skeleton (Coc:3)
  11 crocodiles
  A manticore skeleton (Coc:7)
  A hog skeleton (Crypt:1)
  An elf zombie (Tar:7)
  3 big kobolds (Abyss:3)
  A hippogriff zombie (Crypt:2)
  A salamander zombie (Crypt:1)
  8 bullfrogs
  A wyvern zombie (Crypt:2)
  A wyvern skeleton (D:12)
  3 earth elementals (Abyss:3)
  A spiny frog simulacrum (Coc:7)
  A cyclops skeleton (D:13)
  4 scorpions
  A snapping turtle simulacrum (Hell)
  16 killer bees (D:11)
  2 elf simulacra
  64 wights
  4 troll skeletons
  A wolf zombie (IceCv)
  10 crimson imps
  5 quasits
  4 hounds
  3 bullfrog skeletons
  5 jellies
  12 orc priests
  7 centaur skeletons
  42 iron imps
  14 orc wizards
  4 iguanas
  Ijyb (D:5)
  10 worker ants
  A killer bee zombie (D:5)
  A tengu zombie (Tar:4)
  A demigod zombie (Crypt:1)
  3 naga zombies
  A dwarf skeleton (Crypt:2)
  2 ogre skeletons
  4 hound zombies
  35 mummies
  A worker ant zombie (D:11)
  9 gnolls
  9 adders
  13 shadow imps
  27 white imps
  3 ufetubi (Abyss:3)
  An adder skeleton (D:6)
  3 worms
  A worm (shapeshifter) (Vaults:3)
  4 dart slugs
  4 leopard geckos
  81 orcs
  2 giant cockroaches
  8 hobgoblins
  14 jackals
  2 quokkas
  3 ball pythons
  10 bats
  4 frilled lizards
  A gnoll skeleton (Crypt:1)
  10 goblins
  12 kobolds
  A kobold skeleton (Tar:2)
  A kobold zombie (Crypt:2)
  A leopard gecko skeleton (D:7)
  An orc zombie (Dis:7)
  A quokka skeleton (Crypt:1)
  16 rats
  A fungus (Lair:6)
  A lurking horror (Abyss:3)
  3 plants
  15 starspawn tentacles
  4 tentacles
3496 creatures vanquished.

Vanquished Creatures (collateral kills)
  Sojobo (Vaults:3)
  A caustic shrike (Depths:3)
  A curse toe (Zot:4)
  2 electric golems
  7 tentacled monstrosities
  A lich (Depths:5)
  A quicksilver dragon (shapeshifter) (Vaults:5)
  4 titans (Vaults:5)
  2 deep elf blademasters (Elf:3)
  A deep elf master archer (Elf:3)
  2 quicksilver dragons
  A kraken (Shoals:4)
  3 sphinxes
  6 storm dragons
  Polyphemus (Shoals:4)
  An ancient champion (Vaults:3)
  2 tengu reavers (Depths:4)
  7 shadow dragons
  3 death cobs
  A draconian monk (Zot:4)
  An azure jelly (Slime:5)
  2 deep elf sorcerers (Elf:3)
  10 fire giants
  3 iron dragons
  An orc warlord (Orc:1)
  Louise (Elf:1)
  2 draconian scorchers (Zot:4)
  5 frost giants
  A caustic shrike zombie (Depths:4)
  A balrug (Depths:3)
  A draconian shifter (Zot:3)
  9 vault wardens
  A draconian stormcaller (Zot:4)
  5 ghost moths
  4 emperor scorpions
  6 ironheart preservers
  5 deep elf elementalists
  10 very ugly things
  2 ghouls (Vaults:5)
  A spectral fire dragon (Elf:3)
  A war gargoyle (Vaults:5)
  16 stone giants
  Nessos (Lair:6)
  3 green draconians
  A vampire knight (Depths:4)
  3 deep elf demonologists
  2 purple draconians
  3 deep elf annihilators
  4 spark wasps
  2 red draconians
  3 yellow draconians
  3 white draconians
  4 ettins
  5 merfolk javelineers
  5 deep elf death magi
  3 death oozes (Slime:5)
  5 merfolk impalers
  4 fire dragons
  4 deep elf high priests
  A great orb of eyes (Depths:3)
  13 yaktaur captains
  A spriggan air mage (Depths:5)
  3 rakshasas
  4 ice dragons
  5 hydras
  3 catoblepae
  4 merfolk aquamancers (Shoals:4)
  A merfolk avatar (Shoals:4)
  20 vault guards
  2 alligator snapping turtles (Shoals:4)
  8 death yaks
  An alligator snapping turtle (shapeshifter) (Vaults:5)
  6 centaur warriors
  11 ogre magi
  4 satyrs
  20 dancing weapons
  32 two-headed ogres
  9 deep troll earth magi
  3 death knights
  A vampire mage (Depths:1)
  A spriggan berserker (Depths:4)
  An orc high priest (Orc:1)
  4 hell knights
  Nergalle (Orc:1)
  18 deep elf knights
  A shadow wraith (Vaults:4)
  3 iron trolls
  26 deep trolls
  A glowing orange brain (Vaults:2)
  A swamp dragon (shapeshifter) (Depths:5)
  2 unseen horrors
  A glowing orange brain (shapeshifter) (Vaults:5)
  15 deep elf archers
  4 flayed ghosts
  3 phantasmal warriors
  9 sea snakes
  A sphinx zombie (Depths:4)
  Pikel (D:9)
  6 ironbrand convokers
  14 harpies
  2 necromancers
  12 orb spiders
  6 orc knights
  19 wolf spiders
  12 ugly things
  6 cyclopes
  44 deep elf magi
  5 manticores
  17 fauns
  3 orc sorcerers (Orc:1)
  8 moths of wrath
  2 water nymphs
  5 merfolk sirens
  An eye of devastation (shapeshifter) (Vaults:5)
  A frost giant skeleton (Depths:1)
  A black mamba (shapeshifter) (Depths:5)
  An iron dragon skeleton (Depths:4)
  A guardian serpent (shapeshifter) (Depths:2)
  5 vault sentinels
  2 black mambas (Lair:6)
  2 torpor snails
  2 gargoyles
  3 spiny frogs
  A yaktaur zombie (Vaults:3)
  15 yaktaurs
  A centaur skeleton (D:15)
  A komodo dragon (Lair:6)
  A yaktaur (shapeshifter) (Vaults:5)
  6 demonic crawlers
  A ghoul skeleton (Vaults:5)
  A komodo dragon (shapeshifter) (Vaults:2)
  A rime drake (D:12)
  5 trolls
  2 freezing wraiths
  3 red devils (Depths:3)
  4 hornets
  18 merfolk
  21 jumping spiders
  A polar bear (IceCv)
  7 blink frogs
  A hornet (shapeshifter) (Vaults:2)
  A fire dragon zombie (Depths:1)
  A slime creature (shapeshifter) (Depths:3)
  8 snapping turtles
  5 wind drakes
  A saltling (Elf:1)
  2 hippogriffs
  11 slime creatures
  5 dream sheep
  A stone giant simulacrum (Vaults:2)
  Sigmund (D:4)
  An air elemental (Elf:1)
  50 redbacks
  20 tarantellas
  A redback (shapeshifter) (Depths:4)
  A spriggan (D:14)
  7 water elementals
  21 yaks
  A wyvern (D:10)
  A yak (shapeshifter) (Vaults:4)
  A basilisk (Lair:3)
  4 wraiths
  2 fire elementals
  2 hungry ghosts (D:9)
  A yaktaur simulacrum (Vaults:2)
  A chaos spawn (Depths:3)
  6 vampire mosquitoes
  4 wargs
  An acid dragon (D:13)
  4 hell hounds (Depths:3)
  A soldier ant (D:12)
  2 water moccasins (Lair:6)
  A porcupine (Lair:1)
  A slave (D:9)
  22 orc warriors
  A swamp drake (D:11)
  2 sky beasts
  2 black bears (D:8)
  An elf skeleton (Vaults:2)
  8 boggarts
  26 ogres
  7 wolves
  17 centaurs
  4 crocodiles
  3 human zombies
  3 bullfrogs
  A human simulacrum (Depths:4)
  9 killer bees (D:11)
  2 wights (D:15)
  A howler monkey (D:7)
  4 crimson imps
  A bullfrog zombie (D:13)
  A quasit (Depths:4)
  6 hounds
  A jelly (D:10)
  8 orc priests
  6 orc wizards
  A gnoll shaman (Orc:1)
  An iguana (shapeshifter) (Vaults:5)
  An iguana (D:10)
  2 worker ants
  A hound zombie (D:5)
  A hound skeleton (D:8)
  A gnoll (Orc:1)
  3 adders
  An ufetubus (Depths:4)
  A worm (D:6)
  A leopard gecko (D:6)
  30 orcs
  3 giant cockroaches
  A goblin (D:14)
  5 jackals
  A quokka skeleton (D:5)
  A bush (Lair:6)
  2 crawling corpses (Elf:3)
  11 fungi
  31 plants
  2 tentacles (Shoals:4)
1113 creatures vanquished.

Vanquished Creatures (others)
  2 profane servitors
  3 bone dragons
  A lich (Depths:3)
  3 eldritch tentacles
  3 fire giants
  A juggernaut zombie (Depths:4)
  A draconian stormcaller (Zot:1)
  6 ghouls
  An elemental wellspring (Coc:7)
  A reaper (Coc:7)
  13 vampire knights
  A quicksilver dragon zombie (Vaults:5)
  A spectral frost giant (Orc:2)
  An ogre mage (Vaults:5)
  A vampire mage (Vaults:3)
  A titan zombie (Vaults:5)
  A storm dragon zombie (Vaults:5)
  8 skeletal warriors
  A deep elf knight (Elf:3)
  A titan skeleton (Vaults:5)
  A golden dragon zombie (Vaults:5)
  6 flayed ghosts
  A deep elf archer (Vaults:2)
  A ghost moth zombie (Zot:4)
  A sphinx zombie (Vaults:5)
  9 phantasmal warriors
  A harpy (Shoals:4)
  3 fire giant zombies
  A draconian zombie (Depths:5)
  2 stone giant skeletons (Vaults:5)
  An ice statue (Coc:7)
  5 redback zombies
  2 death yak zombies
  A sea snake zombie (Shoals:2)
  9 yaktaurs
  2 tormentors (Coc:7)
  An iron troll zombie (Depths:4)
  A white draconian skeleton (Zot:4)
  23 human zombies (Vaults:5)
  A hydra zombie (Lair:5)
  A sea snake skeleton (Shoals:4)
  A green draconian skeleton (Zot:4)
  A merfolk (Shoals:1)
  A moth of wrath zombie (Zot:4)
  2 ghoul skeletons (Vaults:5)
  A polar bear (IceCv)
  4 jumping spider zombies (Lair:3)
  A deep troll zombie (Depths:4)
  A tarantella zombie (Spider:3)
  2 ettin zombies
  An ettin skeleton (Vaults:5)
  10 flying skulls
  An ice dragon zombie (Depths:4)
  2 yaks (IceCv)
  4 wraiths
  A wind drake zombie (Shoals:4)
  11 vampires
  2 merfolk zombies (Shoals:4)
  5 two-headed ogre zombies
  5 spiny frog zombies
  A snapping turtle zombie (Shoals:4)
  A hornet zombie (Spider:3)
  A manticore zombie (Shoals:4)
  6 blink frog zombies (Lair:5)
  11 elf zombies
  2 wolves (IceCv)
  2 boggarts
  An elf skeleton (Elf:3)
  A blink frog skeleton (Lair:3)
  3 human skeletons (Vaults:5)
  2 centaurs
  An apocalypse crab zombie (Zot:3)
  A wyvern zombie (D:11)
  2 yaktaur zombies (Depths:5)
  2 polar bear zombies (IceCv)
  A water moccasin zombie (Lair:5)
  6 yak zombies
  5 wights
  6 yak skeletons
  5 wolf zombies
  4 centaur zombies
  2 wolf skeletons
  2 bullfrog zombies (Lair:1)
  A centaur skeleton (Zot:3)
  2 bullfrog skeletons
  4 ogre zombies
  A crocodile zombie (D:8)
  A crocodile skeleton (Lair:1)
  2 adder skeletons
  2 adder zombies
  An orc (Vaults:3)
  2 jackal skeletons (D:6)
  3 jackal zombies (D:6)
  A leopard gecko zombie (D:4)
  3 orc skeletons
  11 orc zombies
  12 fungi
  3 lurking horrors (Abyss:3)
  5 plants
  24 starspawn tentacles
  7 tentacles
333 creatures vanquished.

Grand Total: 4942 creatures vanquished

Notes
Turn   | Place    | Note
-------+----------+-------------------------------------------
     0 | D:1      | CrPA the Minotaur Fighter began the quest for the Orb.
     0 | D:1      | Reached XP level 1. HP: 19/19 MP: 0/0
   129 | D:1      | Reached XP level 2. HP: 20/27 MP: 1/1
   362 | D:1      | Reached XP level 3. HP: 31/33 MP: 2/2
   862 | D:2      | Found a basalt altar of Yredelemnul.
   868 | D:2      | Became a worshipper of Yredelemnul the Dark
   997 | D:3      | Reached XP level 4. HP: 36/40 MP: 3/3
  1282 | D:3      | Reached * piety under Yredelemnul
  1285 | D:3      | Reached XP level 5. HP: 27/47 MP: 4/4
  1801 | D:3      | Reached skill level 1 in Invocations
  1827 | D:3      | Found a shattered altar of Ashenzari.
  1882 | D:3      | Found a hide-covered altar of Uskayaw.
  2264 | D:4      | Noticed an ogre
  2271 | D:4      | Killed an ogre
  2271 | D:4      | Reached skill level 5 in Axes
  2271 | D:4      | Reached XP level 6. HP: 17/55 MP: 4/6
  2674 | D:4      | Reached skill level 5 in Fighting
  2837 | D:4      | Reached skill level 5 in Armour
  2837 | D:4      | Reached skill level 5 in Shields
  2893 | D:4      | Found the ring of Shadows {Umbra +Inv Stlth+}
  2930 | D:4      | Reached XP level 7. HP: 51/61 MP: 7/7
  3134 | D:4      | Noticed Sigmund
  3156 | D:4      | Killed Sigmund
  3498 | D:5      | Entered Level 5 of the Dungeon
  3586 | D:5      | Found a snail-covered altar of Cheibriados.
  3615 | D:5      | Reached ** piety under Yredelemnul
  3681 | D:5      | Reached XP level 8. HP: 37/70 MP: 9/9
  3928 | D:5      | Found a blossoming altar of Fedhas.
  3951 | D:5      | Noticed Ijyb
  3957 | D:5      | Killed Ijyb
  4078 | D:5      | Found a sparkling altar of Nemelex Xobeh.
  4518 | D:6      | Noticed Grinder
  4520 | D:6      | Paralysed by Grinder for 4 turns
  5238 | D:6      | Paralysed by Grinder for 7 turns
  5247 | D:6      | Killed Grinder
  5286 | D:6      | Reached *** piety under Yredelemnul
  5472 | D:6      | Reached XP level 9. HP: 45/78 MP: 4/11
  5737 | D:6      | Found an opulent altar of Gozag.
  5781 | D:6      | Found a glowing golden altar of the Shining One.
  6044 | D:7      | Found a runed translucent door.
  6056 | D:7      | Noticed grindst0ne's ghost (novice NaMo)
  6184 | D:7      | Noticed a moth of wrath
  6186 | D:7      | Found a bloodstained altar of Trog.
  6318 | D:7      | Found a radiant altar of Vehumet.
  6433 | D:7      | Received a gift from Yredelemnul (a wight)
  6620 | D:7      | Reached skill level 5 in Invocations
  6625 | D:7      | Found a staircase to the Ecumenical Temple.
  6755 | D:8      | Found a roughly hewn altar of Beogh.
  6789 | D:7      | Reached skill level 10 in Axes
  7015 | D:7      | Reached **** piety under Yredelemnul
  8052 | D:8      | Received a gift from Yredelemnul (4 flying skulls)
  8114 | D:8      | Reached XP level 10. HP: 66/88 MP: 9/13
  8328 | D:8      | Noticed a two-headed ogre
  8342 | D:8      | Killed a two-headed ogre
  8683 | D:8      | Noticed a two-headed ogre
  8689 | D:8      | Killed a two-headed ogre
  8689 | D:8      | Received a gift from Yredelemnul (a wight)
  9025 | D:9      | Killed a two-headed ogre
  9193 | D:9      | Noticed Pikel
  9203 | D:9      | Killed Pikel
  9282 | D:9      | Found a staircase to the Lair.
  9503 | D:10     | Entered Level 10 of the Dungeon
  9529 | D:10     | Killed an unseen horror
  9564 | D:10     | Found a runed translucent door.
  9565 | D:10     | Noticed a sixfirhy
  9565 | D:10     | Noticed a two-headed ogre
  9958 | D:10     | Noticed a two-headed ogre
  9972 | D:10     | Killed a two-headed ogre
  9972 | D:10     | Reached XP level 11. HP: 33/97 MP: 5/14
 10258 | D:10     | Received a gift from Yredelemnul (a wight)
 10500 | D:10     | Killed a two-headed ogre
 10618 | D:11     | Noticed a two-headed ogre
 10629 | D:11     | Killed a two-headed ogre
 10677 | D:11     | Found Bahawni's Armour Boutique.
 11671 | D:11     | Noticed a white ugly thing
 11687 | D:11     | Killed a white ugly thing
 11770 | Lair:1   | Entered Level 1 of the Lair of Beasts
 11780 | Lair:1   | Reached skill level 10 in Armour
 11797 | Lair:1   | Reached skill level 10 in Fighting
 12234 | Lair:1   | Reached skill level 10 in Shields
 12238 | Lair:1   | Received a gift from Yredelemnul (a wight)
 12313 | Lair:1   | Reached ***** piety under Yredelemnul
 12332 | Lair:1   | Noticed an eight-headed hydra
 12346 | Lair:1   | Killed an 11-headed hydra
 12881 | Lair:1   | Noticed a seven-headed hydra
 12888 | Lair:1   | Killed a seven-headed hydra
 12888 | Lair:1   | Reached XP level 12. HP: 104/106 MP: 16/16
 13005 | Lair:1   | Noticed a seven-headed hydra
 13016 | Lair:1   | Killed a seven-headed hydra
 14523 | Lair:3   | Received a gift from Yredelemnul (a wight)
 14939 | Lair:3   | Found a hole to the Spider Nest.
 15376 | Lair:3   | Found a staircase to the Shoals.
 16002 | Lair:4   | Noticed a four-headed hydra
 16033 | Lair:3   | Killed a four-headed hydra
 16376 | Lair:4   | Noticed an eight-headed hydra
 16385 | Lair:4   | Killed an eight-headed hydra
 16823 | Lair:5   | Noticed a five-headed hydra
 16839 | Lair:5   | Killed a five-headed hydra
 16952 | Lair:5   | Found a runed translucent door.
 17061 | Lair:5   | Found a viscous altar of Jiyva.
 17062 | Lair:5   | Found a staircase to the Slime Pits.
 17254 | Lair:5   | Noticed kaycho's ghost (journeyman MfFi)
 17462 | Lair:6   | Entered Level 6 of the Lair of Beasts
 17462 | Lair:6   | Noticed a death yak
 17462 | Lair:6   | Noticed a death yak
 17462 | Lair:6   | Noticed a death yak
 17462 | Lair:6   | Noticed a death yak
 17464 | Lair:6   | Noticed a death yak
 17465 | Lair:6   | Noticed a death yak
 17470 | Lair:6   | Reached skill level 15 in Axes
 17479 | Lair:5   | Killed a death yak
 17479 | Lair:5   | Reached XP level 13. HP: 64/116 MP: 9/18
 17959 | Lair:6   | Received a gift from Yredelemnul (a wraith)
 18675 | Lair:6   | Noticed Nessos
 18692 | Lair:6   | Killed Nessos
 18774 | Lair:6   | Found a runed translucent gate.
 18774 | Lair:6   | Found a runed translucent gate.
 18775 | Lair:6   | Found a runed translucent gate.
 18776 | Lair:6   | Noticed theswoord's ghost (journeyman DsMo)
 18776 | Lair:6   | Noticed a death ooze
 18791 | Lair:6   | Found a viscous altar of Jiyva.
 19333 | Lair:6   | Received a gift from Yredelemnul (a vampire)
 19700 | Lair:5   | Identified a scroll of acquirement
 20302 | D:11     | Found Wevaroed's Antique Weapon Boutique.
 20399 | D:11     | Reached ****** piety under Yredelemnul
 20431 | D:11     | Found a staircase to the Orcish Mines.
 21112 | D:12     | Received a gift from Yredelemnul (a skeletal warrior)
 21116 | D:12     | Found a frozen archway.
 21137 | D:12     | Found Kouhi's Magic Scroll Boutique.
 21165 | IceCv    | Entered an ice cave
 21545 | IceCv    | Received a gift from Yredelemnul (a vampire)
 21649 | IceCv    | Reached skill level 10 in Invocations
 21649 | IceCv    | Received a gift from Yredelemnul (2 flying skulls)
 21792 | IceCv    | Noticed a frost giant
 21807 | IceCv    | Reached XP level 14. HP: 64/127 MP: 10/20
 21808 | IceCv    | Received a gift from Yredelemnul (a wraith)
 22125 | IceCv    | Killed a frost giant
 22125 | IceCv    | Enslaved a frost giant
 23041 | D:13     | Received a gift from Yredelemnul (a vampire)
 23051 | D:13     | Found the +7 sceptre of Torment {pain, torment}
 23499 | D:13     | Got a jewelled hand crossbow
 23665 | D:13     | Found a gate to the Vaults.
 23714 | D:13     | Received a gift from Yredelemnul (a wraith)
 24091 | D:14     | Found a flagged portal.
 24104 | Bailey   | Entered a bailey
 24480 | D:14     | Received a gift from Yredelemnul (a vampire knight)
 25386 | D:15     | Entered Level 15 of the Dungeon
 25939 | D:15     | Found the ring of the Mage {Wiz MR++ Int+3}
 26092 | D:15     | Received a gift from Yredelemnul (a wraith)
 26602 | D:15     | Found a staircase to the Depths.
 27102 | Orc:1    | Entered Level 1 of the Orcish Mines
 27109 | Orc:1    | Reached XP level 15. HP: 137/137 MP: 22/22
 27119 | Orc:1    | Received a gift from Yredelemnul (a ghoul)
 27199 | Orc:1    | Received a gift from Yredelemnul (a bone dragon)
 27484 | Orc:1    | Noticed Nergalle
 27489 | Orc:1    | Noticed an orc warlord
 27492 | Orc:1    | Killed Nergalle
 27508 | Orc:1    | Received a gift from Yredelemnul (a vampire)
 27511 | Orc:1    | Killed an orc warlord
 28347 | Orc:2    | Entered Level 2 of the Orcish Mines
 28394 | Orc:2    | Found a staircase to the Elven Halls.
 28625 | Orc:2    | Received a gift from Yredelemnul (a skeletal warrior)
 28647 | Orc:2    | Received a gift from Yredelemnul (a bone dragon)
 28655 | Orc:2    | Received a gift from Yredelemnul (a phantasmal warrior)
 28656 | Orc:2    | Found Juanusk's General Store.
 28656 | Orc:2    | Found Baatut's General Store.
 28663 | Orc:2    | Found Giropros's Jewellery Emporium.
 28663 | Orc:2    | Found Kocsiuxu's Antique Weapon Shop.
 28694 | Orc:2    | Bought a potion of heal wounds for 70 gold pieces
 28695 | Orc:2    | Bought a +2 amulet of reflection for 112 gold pieces
 29054 | Elf:1    | Entered Level 1 of the Elven Halls
 29054 | Elf:1    | Found a ruined gateway.
 29058 | Elf:1    | You fall into a shaft and drop 1 floor!
 29085 | Elf:2    | Received a gift from Yredelemnul (a ghoul)
 29655 | Elf:2    | Found a runed translucent gate.
 29655 | Elf:2    | Found a runed translucent gate.
 29656 | Elf:2    | Found a runed translucent gate.
 30288 | Elf:2    | Received a gift from Yredelemnul (a phantasmal warrior)
 30329 | Elf:2    | Identified the +6 hand crossbow "Waymuj Ytewe" {penet,
                  | *Drain rPois SInv} (You found it on level 13 of the
                  | Dungeon)
 30526 | Elf:2    | Reached skill level 15 in Armour
 30543 | Elf:2    | Reached XP level 16. HP: 65/147 MP: 24/24
 30950 | Elf:1    | Found Niolef's Armour Shop.
 31091 | Elf:1    | Reached skill level 15 in Fighting
 31150 | Elf:1    | Reached skill level 15 in Shields
 32035 | Shoals:1 | Entered Level 1 of the Shoals
 32260 | Shoals:1 | Received a gift from Yredelemnul (a ghoul)
 32262 | Shoals:1 | Reached skill level 1 in Crossbows
 33031 | Shoals:2 | Received a gift from Yredelemnul (a vampire knight)
 33352 | Shoals:2 | Received a gift from Yredelemnul (a flayed ghost)
 34158 | Shoals:3 | Received a gift from Yredelemnul (a ghoul)
 34563 | Shoals:4 | Entered Level 4 of the Shoals
 34563 | Shoals:4 | Found Queh's Food Shop.
 34572 | Shoals:4 | Found Budydo's Armour Boutique.
 34630 | Shoals:4 | Found Dyech's Magic Scroll Shop.
 34648 | Shoals:4 | Found Weagaseb's Assorted Antiques.
 34651 | Shoals:4 | Found Woybeu Baej's Antique Weapon Boutique.
 34795 | Shoals:4 | Bought a bubbling purple potion for 27 gold pieces
 34829 | Shoals:4 | Bought a scroll of identify for 24 gold pieces
 34829 | Shoals:4 | Bought a scroll of identify for 24 gold pieces
 34842 | Shoals:4 | Noticed a kraken
 34850 | Shoals:4 | Killed a kraken
 35154 | Shoals:4 | Noticed Polyphemus
 35169 | Shoals:4 | Received a gift from Yredelemnul (a profane servitor)
 35172 | Shoals:4 | Killed Polyphemus
 35174 | Shoals:4 | Reached skill level 5 in Crossbows
 35400 | Shoals:4 | Reached XP level 17. HP: 140/158 MP: 26/26
 35425 | Shoals:4 | Got a barnacled rune of Zot
 35923 | Shoals:4 | Received a gift from Yredelemnul (a vampire)
 36282 | Shoals:4 | Received a gift from Yredelemnul (a vampire)
 36421 | Spider:1 | Entered Level 1 of the Spider Nest
 36799 | Orc:2    | Bought 17 bolts for 51 gold pieces
 38620 | Spider:2 | Received a gift from Yredelemnul (a phantasmal warrior)
 38964 | Spider:3 | Noticed Donald
 38979 | Spider:3 | Killed Donald
 39069 | Spider:3 | Received a gift from Yredelemnul (a flayed ghost)
 39100 | Spider:3 | Identified the amulet of Descent {Inacc Str+8} (You found
                  | it on level 3 of the Spider Nest)
 39314 | Spider:4 | Entered Level 4 of the Spider Nest
 39997 | Spider:4 | Received a gift from Yredelemnul (a vampire knight)
 40602 | Spider:4 | Received a gift from Yredelemnul (a vampire knight)
 40633 | Spider:4 | Reached XP level 18. HP: 166/168 MP: 27/27
 40684 | Spider:4 | Got a gossamer rune of Zot
 40735 | Spider:4 | Reached skill level 10 in Crossbows
 41149 | Vaults:1 | Entered Level 1 of the Vaults
 41441 | Vaults:1 | Found Boit's Assorted Antiques.
 41554 | Vaults:1 | Received a gift from Yredelemnul (a skeletal warrior)
 41578 | Vaults:1 | Identified the +0 shield "Waicvaad" {Int+4} (You acquired
                  | it on level 1 of the Vaults)
 41622 | Vaults:1 | Found a large runed translucent door.
 41622 | Vaults:1 | Found a large runed translucent door.
 41623 | Vaults:1 | Noticed Matador8's ghost (adept DsWr)
 42231 | Vaults:1 | Received a gift from Yredelemnul (a skeletal warrior)
 42280 | Vaults:1 | Received a gift from Yredelemnul (a vampire)
 42352 | Vaults:1 | Killed Matador8's ghost
 42717 | Vaults:2 | Reached skill level 15 in Invocations
 42748 | Vaults:2 | Received a gift from Yredelemnul (a flayed ghost)
 42905 | Vaults:2 | Received a gift from Yredelemnul (a vampire knight)
 42921 | Vaults:2 | Found Tanes's Weapon Shop.
 43489 | Vaults:2 | Received a gift from Yredelemnul (a vampire)
 43570 | Vaults:2 | Reached XP level 19. HP: 121/180 MP: 29/29
 44004 | Vaults:3 | Received a gift from Yredelemnul (a vampire)
 44071 | Vaults:3 | Received a gift from Yredelemnul (a vampire knight)
 44284 | Vaults:3 | Identified the ring "Miajebod" {MR+ Str+5} (You found it on
                  | level 3 of the Vaults)
 44315 | Vaults:3 | Noticed Sojobo
 44319 | Vaults:3 | Received a gift from Yredelemnul (a vampire knight)
 44327 | Vaults:3 | Killed Sojobo
 44372 | Vaults:3 | Found a staircase to the Crypt.
 45249 | Vaults:4 | Noticed a lich
 45258 | Vaults:4 | Killed a lich
 45316 | Vaults:4 | Received a gift from Yredelemnul (a ghoul)
 45344 | Vaults:4 | Reached skill level 5 in Dodging
 45344 | Vaults:4 | Reached XP level 20. HP: 191/191 MP: 29/31
 45491 | Vaults:4 | Received a gift from Yredelemnul (a flayed ghost)
 45530 | Vaults:4 | Received a gift from Yredelemnul (a flayed ghost)
 45725 | Vaults:4 | Received a gift from Yredelemnul (a vampire knight)
 45766 | Vaults:4 | Noticed Saint Roka
 45781 | Vaults:4 | Killed Saint Roka
 45848 | Vaults:4 | Noticed Xtahua
 45857 | Vaults:4 | Killed Xtahua
 45857 | Vaults:4 | Enslaved Xtahua
 46138 | Vaults:4 | Received a gift from Yredelemnul (a phantasmal warrior)
 46328 | Vaults:5 | Entered Level 5 of the Vaults
 46339 | Vaults:5 | Reached XP level 21. HP: 195/200 MP: 26/32
 46360 | Vaults:5 | Noticed a golden dragon
 46366 | Vaults:5 | Received a gift from Yredelemnul (a phantasmal warrior)
 46382 | Vaults:5 | Killed a golden dragon
 46382 | Vaults:5 | Identified the ring of Starshine {-Tele EV+3 Dex+5}
 46400 | Vaults:5 | Received a gift from Yredelemnul (a profane servitor)
 46425 | Vaults:5 | Noticed a golden dragon
 46877 | Vaults:5 | Killed a golden dragon
 46914 | Vaults:4 | HP: 6/202 [tengu reaver/bolt of lightning (32)]
 47481 | Vaults:5 | Found the amulet of Vitality {Regen+ HP+15}
 47834 | Vaults:5 | Got a silver rune of Zot
 47914 | Vaults:5 | Received a gift from Yredelemnul (a flayed ghost)
 48300 | Vaults:5 | Found the +18 shield of the Gong {rElec rN+ MR+ EV-5}
 48513 | Vaults:5 | Identified the Incunabulum of Flames
 49301 | Elf:1    | Noticed Louise
 49314 | Elf:1    | Killed Louise
 49521 | Elf:1    | Identified Mnoleg's Handbook of Creation
 49726 | Elf:3    | Entered Level 3 of the Elven Halls
 49898 | Elf:3    | Reached XP level 22. HP: 194/211 MP: 33/33
 50032 | Elf:3    | Received a gift from Yredelemnul (a vampire)
 50413 | Elf:3    | Received a gift from Yredelemnul (a vampire knight)
 50416 | Elf:3    | Your ally Xtahua died
 50592 | Elf:3    | Identified the Reference Book on the Harmful Voyage
 50607 | Elf:3    | Identified the Grimoire of Translocation and Summoning
 50609 | Elf:3    | Identified the Reference Book on Confrontation and the
                  | Mountains
 50616 | Elf:3    | Identified the Handbook of Moulding
 50644 | Elf:3    | Identified the ring "Kotetuos" {rC+ Str+4 Dex+2 Slay+2
                  | SInv} (You took it off a deep elf blademaster on level 3 of
                  | the Elven Halls)
 50747 | Elf:3    | Found Eduyngy's Magic Scroll Shop.
 50973 | D:12     | Bought a scroll of enchant armour for 97 gold pieces
 50973 | D:12     | Bought a scroll of enchant armour for 97 gold pieces
 51281 | Depths:1 | Entered Level 1 of the Depths
 51297 | Depths:1 | Received a gift from Yredelemnul (a phantasmal warrior)
 52033 | Depths:1 | Found a gateway to Hell.
 52286 | Depths:2 | Received a gift from Yredelemnul (a skeletal warrior)
 52384 | Depths:2 | Received a gift from Yredelemnul (a ghoul)
 52704 | Depths:2 | Noticed Mara
 52711 | Depths:2 | Killed Mara
 52921 | Depths:2 | Received a gift from Yredelemnul (a bone dragon)
 53166 | Depths:3 | Found Yxtosufof's Food Shop.
 53409 | Depths:3 | Noticed a caustic shrike
 53415 | Depths:3 | Killed a caustic shrike
 53415 | Depths:3 | Reached XP level 23. HP: 183/222 MP: 35/35
 53470 | Depths:3 | Identified the Guide on the Flying Glacier
 53501 | Depths:3 | Received a gift from Yredelemnul (a vampire knight)
 53550 | Depths:3 | Found a one-way gate to the infinite horrors of the Abyss.
 53673 | Depths:3 | Found a one-way gate leading to the halls of Pandemonium.
 53757 | Depths:3 | Identified the cursed +0 pair of boots "Podinlog" {*Contam
                  | rC+ rCorr SInv} (You found it on level 3 of the Depths)
 54117 | Depths:4 | Noticed a juggernaut
 54129 | Depths:4 | Killed a juggernaut
 54137 | Depths:4 | Received a gift from Yredelemnul (a vampire knight)
 54148 | Depths:4 | Received a gift from Yredelemnul (a skeletal warrior)
 54564 | Depths:4 | Identified the cursed +0 broad axe of Duty {chop, rPois rC+
                  | Int+4}
 54709 | Depths:4 | Received a gift from Yredelemnul (a skeletal warrior)
 54734 | Depths:4 | Identified Epuvare's Volume of the Destructive Compass
 55295 | Depths:4 | Noticed Jory
 55310 | Depths:4 | Killed Jory
 55712 | Depths:4 | Received a gift from Yredelemnul (a vampire)
 55735 | Depths:4 | Found a gateway to a ziggurat.
 56444 | Depths:5 | Entered Level 5 of the Depths
 56472 | Depths:5 | Received a gift from Yredelemnul (a phantasmal warrior)
 56491 | Depths:5 | Received a gift from Yredelemnul (a skeletal warrior)
 56522 | Depths:5 | Received a gift from Yredelemnul (a vampire knight)
 57015 | Depths:5 | Found a gate to the Realm of Zot.
 57234 | Zot:1    | Entered Level 1 of the Realm of Zot
 57397 | Zot:1    | Reached XP level 24. HP: 207/233 MP: 35/35
 58432 | Zot:1    | Received a gift from Yredelemnul (a phantasmal warrior)
 59297 | Zot:2    | You fall into a shaft and drop 1 floor!
 60112 | Zot:3    | Received a gift from Yredelemnul (a phantasmal warrior)
 60372 | Zot:3    | Paralysed by you for 3 turns
 61676 | Zot:4    | Received a gift from Yredelemnul (a bone dragon)
 62872 | Zot:4    | Received a gift from Yredelemnul (a ghoul)
 63876 | Zot:4    | Identified the +6 glaive of Tumult {vamp, rPois rF- MR+}
 63917 | Zot:4    | Reached XP level 25. HP: 162/245 MP: 31/36
 64209 | Zot:4    | Identified the +6 spear of Noon {pierce, rPois Dex+5}
 64244 | Zot:4    | Received a gift from Yredelemnul (a vampire knight)
 64886 | Crypt:1  | Entered Level 1 of the Crypt
 65176 | D:6      | Fell from the grace of Yredelemnul
 65176 | D:6      | Became a worshipper of the Shining One
 65476 | Crypt:1  | Reached * piety under the Shining One
 65951 | Vaults:3 | Reached ** piety under the Shining One
 66557 | Crypt:1  | Reached *** piety under the Shining One
 67065 | Crypt:2  | Reached **** piety under the Shining One
 67179 | Crypt:2  | Reached ***** piety under the Shining One
 67504 | Crypt:3  | Entered Level 3 of the Crypt
 67561 | Crypt:3  | Reached ****** piety under the Shining One
 67764 | Crypt:3  | Noticed an ancient lich
 67765 | Crypt:3  | Found a basalt altar of Yredelemnul.
 67769 | Crypt:3  | Killed an ancient lich
 67902 | Crypt:3  | Identified a +9 broad axe of holy wrath (a +9 broad axe of
                  | chopping blessed by the Shining One)
 67902 | Crypt:3  | Received a gift from the Shining One
 68315 | Crypt:3  | Found a staircase to the Tomb.
 68744 | Hell     | Entered the Vestibule of Hell
 68744 | Hell     | Noticed Geryon
 68747 | Hell     | Noticed Murray
 68768 | Hell     | Killed Murray
 69013 | Depths:1 | Was forgiven by Yredelemnul
 69364 | Hell     | Reached XP level 26. HP: 183/255 MP: 36/36
 69968 | Hell     | Killed Geryon
 70217 | Hell     | Found a gateway to the decaying netherworld of Tartarus.
 70288 | Hell     | Found a gateway to the freezing wastes of Cocytus.
 70344 | Hell     | Found a gateway to the Iron City of Dis.
 70390 | Hell     | Found a gateway to the ashen valley of Gehenna.
 70915 | Slime:1  | Entered Level 1 of the Pits of Slime
 71578 | Slime:5  | Entered Level 5 of the Pits of Slime
 71898 | Slime:5  | Gained mutation: You are occasionally teleported next to
                  | monsters. [a shining eye]
 72228 | Slime:5  | Noticed the Royal Jelly
 72848 | Slime:5  | Killed the Royal Jelly
 73554 | Slime:5  | Got a slimy rune of Zot
 74314 | Tomb:1   | Entered Level 1 of the Tomb of the Ancients
 74460 | Tomb:1   | Noticed a greater mummy
 74460 | Tomb:1   | Noticed a greater mummy
 74460 | Tomb:1   | Noticed a greater mummy
 74468 | Tomb:1   | Noticed a greater mummy
 74471 | Tomb:1   | Killed a greater mummy
 74473 | Tomb:1   | Killed a greater mummy
 74473 | Tomb:1   | Reached XP level 27. HP: 110/266 MP: 33/37
 74479 | Tomb:1   | Killed a greater mummy
 74485 | Tomb:1   | Killed a greater mummy
 74514 | Tomb:1   | Reached skill level 27 in Armour
 74515 | Tomb:1   | Noticed a greater mummy
 74525 | Tomb:1   | Killed a greater mummy
 75448 | Tomb:2   | Noticed a greater mummy
 75448 | Tomb:2   | Noticed an ancient lich
 75450 | Tomb:2   | Noticed a greater mummy
 75593 | Tomb:2   | Noticed an ancient lich
 75666 | Tomb:2   | Gained mutation: Your body sometimes deteriorates upon
                  | taking damage. [potion of mutation]
 75666 | Tomb:2   | Gained mutation: You passively map a small area around you.
                  | [potion of mutation]
 75666 | Tomb:2   | Gained mutation: Your flesh is heat resistant. (rF+)
                  | [potion of mutation]
 75667 | Tomb:2   | Lost mutation: Your body sometimes deteriorates upon taking
                  | damage. [potion of mutation]
 75667 | Tomb:2   | Lost mutation: Your flesh is heat resistant. (rF+) [potion
                  | of mutation]
 75667 | Tomb:2   | Gained mutation: You are dopey. (Int -2) [potion of
                  | mutation]
 75667 | Tomb:2   | Gained mutation: You are agile. (Dex +2) [potion of
                  | mutation]
 75668 | Tomb:2   | Lost mutation: You are dopey. (Int -2) [potion of mutation]
 75668 | Tomb:2   | Lost mutation: You are agile. (Dex +2) [potion of mutation]
 75668 | Tomb:2   | Lost mutation: You passively map a small area around you.
                  | [potion of mutation]
 75668 | Tomb:2   | Lost mutation: You are occasionally teleported next to
                  | monsters. [potion of mutation]
 75668 | Tomb:2   | Gained mutation: You are dopey. (Int -2) [potion of
                  | mutation]
 75668 | Tomb:2   | Gained mutation: You are agile. (Dex +2) [potion of
                  | mutation]
 75668 | Tomb:2   | Gained mutation: You occasionally shout uncontrollably at
                  | your foes. [potion of mutation]
 75668 | Tomb:2   | Gained mutation: Your spells are a little harder to cast,
                  | but a little more powerful. [potion of mutation]
 75682 | Tomb:2   | Killed an ancient lich
 75696 | Tomb:2   | Killed an ancient lich
 77014 | Tar:1    | Entered Level 1 of Tartarus
 77961 | Tar:4    | Reached skill level 27 in Fighting
 78335 | Tar:5    | Gained mutation: You tend to lose your temper in combat.
                  | [mutagenic glow]
 78366 | Tar:5    | Gained mutation: Scrolls take you a little longer to read.
                  | [mutagenic glow]
 78932 | Tar:7    | Entered Level 7 of Tartarus
 79058 | Tar:7    | Lost mutation: You are dopey. (Int -2) [potion of mutation]
 79058 | Tar:7    | Lost mutation: Scrolls take you a little longer to read.
                  | [potion of mutation]
 79058 | Tar:7    | Lost mutation: You tend to lose your temper in combat.
                  | [potion of mutation]
 79058 | Tar:7    | Gained mutation: Your muscles are strong. (Str +2) [potion
                  | of mutation]
 80589 | Tar:7    | Reached skill level 27 in Invocations
 80615 | Tar:7    | Reached skill level 1 in Evocations
 80686 | Tar:7    | Noticed Ereshkigal
 80712 | Tar:7    | Killed Ereshkigal
 80728 | Tar:7    | Got a bone rune of Zot
 81048 | Dis:1    | Entered Level 1 of the Iron City of Dis
 81228 | Dis:1    | Reached skill level 5 in Evocations
 82059 | Dis:2    | Reached skill level 10 in Dodging
 83765 | Dis:7    | Entered Level 7 of the Iron City of Dis
 83822 | Dis:7    | Reached skill level 10 in Evocations
 84915 | Dis:7    | Reached skill level 15 in Dodging
 85543 | Dis:7    | Identified the +4 staff of Dispater
 85543 | Dis:7    | Noticed Dispater
 85570 | Dis:7    | Killed Dispater
 85589 | Dis:7    | Got an iron rune of Zot
 86009 | Coc:1    | Entered Level 1 of Cocytus
 87015 | Coc:4    | Gained mutation: Scrolls take you a little longer to read.
                  | [mutagenic glow]
 87541 | Coc:6    | Reached skill level 15 in Evocations
 87606 | Coc:7    | Entered Level 7 of Cocytus
 88543 | Coc:7    | Noticed Antaeus
 88585 | Coc:7    | Killed Antaeus
 88625 | Coc:7    | Got an icy rune of Zot
 88722 | Coc:7    | Found the +2 robe of Vines {NoPotionHeal Regen+7}
 89161 | Depths:3 | Voluntarily entered the Abyss.
 89732 | Abyss:1  | Found a corrupted altar of Lugonu.
 89870 | Abyss:1  | Gained mutation: Your magical capacity is low. (-10% MP) [a
                  | neqoxec]
 89888 | Abyss:2  | Found a corrupted altar of Lugonu.
 89933 | Abyss:2  | Found a corrupted altar of Lugonu.
 90402 | Abyss:3  | Gained mutation: Your magical capacity is very low. (-20%
                  | MP) [a cacodemon]
 91077 | Abyss:3  | Found a basalt altar of Yredelemnul.
 91114 | Abyss:3  | Gained mutation: Scrolls take you longer to read. [a
                  | cacodemon]
 91289 | Abyss:3  | Found a corrupted altar of Lugonu.
 91299 | Abyss:3  | Gained mutation: Armour fits poorly on your strangely
                  | shaped body. [a cacodemon]
 91475 | Abyss:3  | Gained mutation: You are dopey. (Int -2) [a neqoxec]
 91482 | Abyss:3  | Paralysed by accursed screaming for 1 turns
 91772 | Abyss:3  | Paralysed by accursed screaming for 1 turns
 91808 | Abyss:3  | Paralysed by you for 2 turns
 91887 | Abyss:3  | HP: 10/273 [starcursed mass/accursed screaming (8)]
 92238 | Abyss:3  | Found a corrupted altar of Lugonu.
 92339 | Depths:3 | Escaped the Abyss
 92872 | Zot:3    | Got a bound silver ring
 93601 | Zot:5    | Entered Level 5 of the Realm of Zot
 93782 | Zot:5    | Noticed an ancient lich
 93797 | Zot:5    | Killed an ancient lich
 93835 | Zot:5    | Noticed an orb of fire
 93836 | Zot:5    | Gained mutation: You are very dopey. (Int -4) [an orb of
                  | fire]
 93840 | Zot:5    | Gained mutation: Potions are less effective at restoring
                  | your health. [an orb of fire]
 93851 | Zot:5    | Noticed an orb of fire
 93852 | Zot:5    | Noticed an orb of fire
 93853 | Zot:5    | Noticed an orb of fire
 93857 | Zot:5    | Killed from afar by an electric golem

Levels and vault maps discovered:
D:1:      kennysheep_arrival_forest, layout_rooms, hangedman_decor_points
D:2:      layout_rooms, marbit_many_paths, minmay_tiny_reverse_x
D:3:      layout_basic, lemuel_coloured_pillars_altar, ashenzari_altar_1,
          first_ration
D:4:      layout_basic, uniq_sigmund
D:5:      layout_basic, nemelex_xobeh_ov_fountains_minmay,
          nicolae_overflow_crystal_walls, overflow_temple_1_default,
          serial_bayou_ford_a, uniq_ijyb
D:6:      cheibrodos_helix_gallery, layout_basic, kennysheep_little_box,
          tso_altar, uniq_grinder
D:7:      layout_basic, vehumet_altar_wand_db,
          minmay_temple_entry_drinking_statues, ebering_ghost_reflecting_pool,
          tgw_trog
D:8:      layout_loops_corners, special_room [special_room_orc]
D:9:      layout_rooms, lair_entry_dummy, uniq_pikel
D:10:     cheibrodos_shockbox, layout_basic
D:11:     layout_basic, erik_orc_1, serial_shops, shop, shop, special_room
          [special_room_bee]
D:12:     layout_loops_corners, portal_ice_cave_rime, serial_shops,
          nicolae_shop_trees
D:13:     layout_stronghold, david_vaults_4
D:14:     layout_gridville, enter_bailey_3, the_bakery
D:15:     grunt_enter_depths_snipers, layout_stronghold, minmay_strange_pillars,
          roderic_serpentine_path
Lair:1:   layout_gridlike, grunt_megastairs_2
Lair:2:   layout_cave_pods, nicolae_volcano_entry_batcave, special_room,
          patterned_corridor
Lair:3:   layout_concentric_octagons, elwin_shoals_entry_stream,
          nicolae_spider_entry_tight_spaces, gauntlet_entry_generic
Lair:4:   layout_cave_pods
Lair:5:   layout_misc_corridors, dpeg_slime_entry_enclosed_altar,
          ebering_ghost_reflecting_pool
Lair:6:   evilmike_catoblepas_cave, layout_cave_pods, gammafunk_ghost_ooze,
          uniq_nessos
Shoals:1: layout_shoals, hangedman_shoals_cup_caves
Shoals:2: layout_shoals
Shoals:3: layout_shoals
Shoals:4: shoals_end_grunt_ice, layout_shoals, serial_shops, shop,
          nicolae_shop_trees, shop, shop, shop, uniq_polyphemus
Spider:1: layout_chambers
Spider:2: nicolae_spider_mines_1, drop_trap
Spider:3: layout_spider_delve, uniq_donald
Spider:4: grunt_spider_rune_parallel
Slime:1:  layout_caves
Slime:2:  layout_caves, cheibrodos_slime_lost_civilization_4
Slime:3:  layout_caves
Slime:4:  layout_caves
Slime:5
Orc:1:    layout_caves, elf_legates, uniq_nergalle
Orc:2:    st_orc_ogre_mass, layout_caves, rock_pile
Elf:1:    layout_loops_corners, portal_desolation_entry_salt, serial_shops,
          shop, minmay_elf_demonology, uniq_louise
Elf:2:    layout_geoelf_grid, mu_enter_wizlab_4
Elf:3:    minmay_elf_hall_curves, layout_loops_cross, serial_shops, shop_statue
Vaults:1: ebering_vaults_ghost_disaster_area, grunt_vaults_swirl,
          grunt_vaults_trifunnel, hangedman_vaults_capsules, vaults_dpeg_ring,
          v_misc_29, grunt_vaults_diagonal, vaults_room_pools,
          grunt_vaults_twisty, layout_vaults_ring, serial_shops,
          nicolae_shop_trees
Vaults:2: v_misc_22, v_misc_24, ontoclasm_vaults_claustrophobia,
          vaults_room_semicircle, grunt_vaults_hallway_short,
          nicolae_vaults_little_squares_2, ontoclasm_vaults_eye,
          vaults_room_stairs_pillars, serial_ice_b, layout_vaults_omnigrid,
          serial_shops, shop
Vaults:3: minmay_crypt_entry_simple_plaza, v_pattern_3, v_misc_24,
          vaults_standard_mumra_x, nicolae_vaults_rhombus_6, v_misc_4,
          ontoclasm_vaults_idyll, nicolae_vaults_network_star, v_misc_15,
          nicolae_vaults_mini_display_case, v_misc_12, layout_vaults_omnicross,
          uniq_sojobo
Vaults:4: ontoclasm_vaults_shout, hangedman_vaults_snaps,
          ontoclasm_vaults_ring_square, v_pattern_2, vaults_room_corners,
          layout_vaults_chaotic_city, uniq_xtahua, uniq_saint_roka
Vaults:5
Crypt:1:  layout_rooms, st_stairs_11
Crypt:2:  layout_gridlike
Crypt:3:  cryptofortress_bobbens
Tomb:1
Tomb:2
Depths:1: layout_cave_shapes, grunt_hell_entry_dis_old, nicolae_benzene_ring,
          minmay_misc_feat_alley, chequers_jeans, evilmike_ambush
          [evilmike_ambush_outer_basic, evilmike_ambush_inner_basic]
Depths:2: minmay_the_grid_triangle_9x9_line_8_mashed
          [minmay_the_grid_triangle_9x9_corrupted_corridor,
          minmay_the_grid_triangle_9x9_steps,
          minmay_the_grid_triangle_9x9_zippers_horizontal,
          minmay_the_grid_triangle_9x9_longest,
          minmay_the_grid_triangle_9x9_from_above,
          minmay_the_grid_triangle_9x9_swiss_cheese,
          minmay_the_grid_triangle_9x9_empty,
          minmay_the_grid_triangle_9x9_prize_center], layout_gridlike,
          hell_entry, chequers_serial_rivers_marsh,
          serial_sigils_hangedman_shear, minmay_staircase_bubble, uniq_mara
Depths:3: cross_vault, layout_cave_shapes, serial_shops, shop, hellmouth_3,
          rand_demon_pan_entry_1, abyss_entry, chequers_hall_statues_y
Depths:4: grunt_twisty_corner, layout_honeycomb, enter_ziggurat_b,
          grunt_pan_entry_spiral, roderic_lattice_a, hell_entry, abyss_entry,
          kennysheep_another_room, infiniplex_staircase_pool_1, uniq_jory
Depths:5: evilmike_zot_entry_basic, layout_long_grid, hell_entry,
          grunt_decor_fettered
Hell
Dis:1:    layout_overlapping_boxes
Dis:2:    layout_subdivisions
Dis:3:    layout_overlapping_boxes
Dis:4:    layout_subdivisions, nrook_loot_triangle
Dis:5:    layout_chaotic_city, hangedman_dis_decor_blocks_crown
Dis:6:    layout_subdivisions, nicolae_dis_strange_trophy_room
Dis:7:    dis_grunt_layers
Coc:1:    layout_cocytus_water_paths
Coc:2:    grunt_deathspiral_small, layout_ice_bergs
Coc:3:    layout_ice_bergs
Coc:4:    layout_ice_bergs
Coc:5:    layout_cocytus_water_paths
Coc:6:    layout_cocytus_water_paths
Coc:7:    coc_grunt_cove [coc_grunt_cove_antaeus, coc_grunt_cove_fiend,
          coc_grunt_cove_fiend, coc_grunt_cove_fiend, coc_grunt_cove_fiend]
Tar:1:    layout_honeycomb
Tar:2:    layout_honeycomb, nicolae_tar_cuneiform_city
Tar:3:    layout_grid_maze, grunt_megastairs_3
Tar:4:    layout_cathedral_of_symmetry
Tar:5:    layout_cathedral_of_symmetry, lemuel_elevator
Tar:6:    layout_cathedral_of_symmetry, grunt_megastairs_4
Tar:7:    tar_grunt, tar_grunt_ereshkigal, tar_grunt_big_loot,
          tar_grunt_small_loot, tar_grunt_small_loot, tar_grunt_small_loot,
          tar_grunt_decor_6, tar_grunt_decor_cross_diag,
          tar_grunt_small_decor_pillar, tar_grunt_decor_octagon_7,
          tar_grunt_small_decor_pillar, nicolae_tar_cuneiform_bread,
          tar_grunt_decor_cross_diag, tar_grunt_small_decor_pillar,
          tar_grunt_small_decor_pillar, tar_grunt_small_decor_pillar,
          tar_grunt_small_decor_pillar, tar_grunt_small_decor_pillar,
          tar_grunt_decor_1, tar_grunt_decor_cross_ortho,
          tar_grunt_small_decor_pillar
Zot:1:    layout_twisted_circle
Zot:2:    layout_onion_interference
Zot:3:    gammafunk_mikee_crab_dinner, layout_onion_interference
Zot:4:    layout_misc_corridors, st_large_dragon_hoard_4
Zot:5:    layout_basic

Skill      XL: |  1  2  3  4  5  6  7  8  9 10 11 12 13 14 15 16 17 18 19 20 21 22 23 24 25 26 27 |
---------------+----------------------------------------------------------------------------------+-----
Axes           | 3 4 5 7 8 10 12 13 15 16 17 18 | 18.0
Fighting       | 4 5 6 7 9 10 11 12 13 14 16 18 19 20 21 22 23 24 25 27 | 27.0
Armour         | 4 5 6 8 9 10 11 12 13 15 16 17 18 19 21 22 24 25 26 27 | 27.0
Shields        | 4 5 6 7 9 10 11 12 13 14 15 16 18 19 20 21 23 25 | 25.0
Invocations    | 1 2 3 4 5 6 7 8 10 11 12 13 14 15 16 17 18 19 20 21 22 27 | 27.0
Crossbows      | 5 9 10 | 10.0
Dodging        | 5 23 | 23.4
Evocations     | 20 | 20.1

Action                   |  1- 3 |  4- 6 |  7- 9 | 10-12 | 13-15 | 16-18 | 19-21 | 22-24 | 25-27 || total
-------------------------+-------+-------+-------+-------+-------+-------+-------+-------+-------++-------
Melee: War axe           |   103 |   113 |   351 |   554 |   106 |       |       |       |       ||  1227
       Headbutt          |    12 |    21 |    88 |   137 |   191 |   164 |   129 |   295 |  1684 ||  2721
       Trident           |       |       |       |    18 |    18 |       |       |       |       ||    36
       Broad axe         |       |       |       |       |   731 |   711 |   499 |   958 |  4703 ||  7602
Throw: Dart              |       |       |       |     3 |       |       |       |       |       ||     3
       Throwing net      |       |       |       |       |       |       |       |       |     1 ||     1
Invok: Animate Remains   |       |     6 |    15 |       |       |       |       |       |       ||    21
       Animate Dead      |       |       |    12 |    32 |    62 |    48 |    19 |    32 |       ||   205
       Recall Undead Sla |       |       |     1 |     5 |    15 |    21 |     7 |    16 |       ||    65
       Drain Life        |       |       |       |       |     2 |     8 |    13 |    26 |     3 ||    52
       Enslave Soul      |       |       |       |       |     1 |       |     1 |       |       ||     2
       Divine Shield     |       |       |       |       |       |       |       |       |     7 ||     7
       Brand Weapon With |       |       |       |       |       |       |       |       |     1 ||     1
       Cleansing Flame   |       |       |       |       |       |       |       |       |    55 ||    55
Evoke: Wand              |       |       |     1 |    11 |     6 |     5 |       |       |     8 ||    31
       Lamp of fire      |       |       |       |       |       |       |       |     1 |     1 ||     2
       Phantom mirror    |       |       |       |       |       |       |       |       |     1 ||     1
  Use: Scroll            |     4 |     2 |     8 |       |    22 |    16 |     7 |    12 |    13 ||    84
       Potion            |       |     2 |       |       |     2 |     5 |     3 |     4 |    29 ||    45
 Stab: Distracted        |       |       |     2 |     2 |    16 |    14 |     9 |    15 |     2 ||    60
       Paralysed         |       |       |       |       |     1 |     2 |     3 |     5 |       ||    11
       Held in net/web   |       |       |       |       |       |     1 |       |       |       ||     1
       Petrified         |       |       |       |       |       |       |       |     1 |       ||     1
  Eat: Chunk             |       |     8 |    18 |    34 |    35 |    35 |    17 |    21 |    22 ||   190
       Ration            |       |       |     2 |     2 |     8 |     7 |     4 |    12 |    26 ||    61
Armor: Scale mail        |    33 |       |       |       |       |       |       |       |       ||    33
       Chain mail        |    50 |    52 |    64 |       |       |       |       |       |       ||   166
       Plate armour      |       |       |    87 |   289 |   303 |    51 |       |       |       ||   730
       Crystal plate arm |       |       |       |       |       |   447 |   220 |   574 |  1966 ||  3207
Dodge: Dodged            |    39 |    33 |    73 |   118 |   212 |   191 |    66 |   240 |  1246 ||  2218
Block: Shield            |    83 |    67 |   184 |   356 |   599 |   809 |   230 |       |       ||  2328
       Reflection        |       |       |       |       |    12 |    93 |    57 |    56 |    80 ||   298
       Large shield      |       |       |       |       |       |       |   227 |  1163 |  5655 ||  7045
